 Dungeon Crawl Stone Soup version 0.21-a0-401-g0b6bec4 (webtiles) character file.

2084 Drevant the Arsonist (level 9, -9/62 HPs)
             Began as a Pale Draconian Fire Elementalist on Oct 22, 2017.
             Was a Follower of Vehumet.
             Killed from afar by a crimson imp (29 damage)
             ... with a wand of lightning (?/15)
             ... on level 6 of the Dungeon.
             The game lasted 00:19:13 (6599 turns).

Drevant the Arsonist (DrFE)                         Turns: 6599, Time: 00:19:14

Health: -9/62      AC:  7    Str: 10    XL:     9   Next: 6%
Magic:  13/14      EV: 15    Int: 18    God:    Vehumet [*.....]
Gold:   406        SH:  0    Dex: 13    Spells: 7/15 levels left

rFire    . . .     SeeInvis +   i - +3 short sword
rCold    . . .     Gourm    .   (no shield)
rNeg     . . .     Faith    .   (armour unavailable)
rPois    .         Spirit   .   (helmet restricted)
rElec    .         Reflect  .   (no cloak)
rCorr    .         Harm     .   (no gloves)
MR       .....                  (no boots)
Stlth    ++........             (no amulet)
HPRegen  0.20/turn              (no ring)
MPRegen  0.14/turn              t - ring of see invisible

@: no status effects
A: breathe steam, unfitting armour, cold-blooded, AC +7
a: Breathe Steam, Renounce Religion


You were on level 6 of the Dungeon.
You worshipped Vehumet.
Vehumet was aware of your devotion.
You were not hungry.

You visited 2 branches of the dungeon, and saw 7 of its levels.

You collected 406 gold pieces.

Inventory:

Hand Weapons
 d - a +0 dagger
 i - a +3 short sword (weapon)
 x - a +0 quarterstaff
Missiles
 j - 4 tomahawks (quivered)
Jewellery
 t - a ring of see invisible (right hand)
 L - an uncursed amulet of magic regeneration {unknown}
Wands
 l - a wand of confusion (15/48)
 I - a wand of lightning (0/15)
Scrolls
 f - a scroll of random uselessness {unknown}
 k - 4 scrolls of remove curse
 m - a scroll of blinking {unknown}
 o - 5 scrolls of fear
 p - a scroll of amnesia {unknown}
 q - a scroll of teleportation {unknown}
 r - a scroll of enchant armour
 y - a scroll of holy word {unknown}
 D - a scroll of noise {unknown}
 F - 3 scrolls of identify
 G - a scroll of vulnerability {unknown}
 N - a scroll of magic mapping {unknown}
Potions
 e - 5 potions of curing {unknown}
 g - a potion of berserk rage {unknown}
 h - a potion of might
 u - a potion of cancellation
 w - 2 potions of agility
 z - a potion of ambrosia {unknown}
 A - 2 potions of flight {unknown}
 B - 2 potions of degeneration
 C - a potion of lignification {unknown}
 E - a potion of mutation {unknown}
 M - a potion of magic {unknown}
Books
 a - a book of Flames

   Spells                             Type                      Level
   a - Flame Tongue                   Conjuration/Fire             1
   b - Throw Flame                    Conjuration/Fire             2
   c - Conjure Flame                  Conjuration/Fire             3
   d - Inner Flame                    Hexes/Fire                   3
   e - Sticky Flame                   Conjuration/Fire             4
   f - Fireball                       Conjuration/Fire             5
 n - a book of the Sky

   Spells                             Type                      Level
   a - Summon Lightning Spire         Summoning/Air                4
   b - Silence                        Hexes/Air                    5
   c - Deflect Missiles               Charms/Air                   6
   d - Conjure Ball Lightning         Conjuration/Air              6
   e - Tornado                        Air                          9
 v - a book of Cantrips

   Spells                             Type                      Level
   a - Confusing Touch                Hexes                        1
   b - Animate Skeleton               Necromancy                   1
   c - Summon Small Mammal            Summoning                    1
   d - Apportation                    Translocation                1
Comestibles
 b - 7 bread rations
 c - 4 fruits
 s - 6 meat rations
 H - a royal jelly


   Skills:
 + Level 5.4 Dodging
 - Level 2.1 Stealth
 + Level 3.7 Spellcasting
 + Level 5.7 Conjurations
 * Level 9.3 Fire Magic


You had 7 spell levels left.
You knew the following spells:

 Your Spells              Type           Power        Failure   Level  Hunger
a - Flame Tongue          Conj/Fire      ####.        1%          1    None
b - Sticky Flame          Conj/Fire      ####....     7%          4    ####...
c - Conjure Flame         Conj/Fire      ####....     1%          3    ###....


Dungeon Overview and Level Annotations

Branches:
Dungeon (6/15)             Temple (1/1) D:4

Altars:
Ashenzari
Cheibriados
Dithmenos
Elyvilon
Gozag
Hepliaklqana
Kikubaaqudgha
Makhleb
Okawaru
Qazlal
Ru
Sif Muna
Trog
Uskayaw
Vehumet
Wu Jian
Xom
Yredelemnul
Zin
The Shining One

Annotations:
D:3 Drevant's ghost, amateur DrFE


Innate Abilities, Weirdness & Mutations

You can breathe blasts of scalding, opaque steam.
Your pale cyan-grey scales are hard. (AC +7)
You cannot fit into any form of body armour.
You are cold-blooded and may be slowed by cold attacks.


Message History

You hit the crimson imp.
The crimson imp is heavily wounded.
You see here a scorpion corpse.
The crimson imp closely misses you.
You strike the helpless crimson imp from behind!
You hit the crimson imp.
The crimson imp is moderately wounded.
You hit the crimson imp.
Your tail-slap misses the crimson imp.
The crimson imp is moderately wounded.
The crimson imp closely misses you.
You hit the crimson imp.
Your tail-slap misses the crimson imp.
The crimson imp is heavily wounded.
The crimson imp seems less confused.
The crimson imp zaps a wand.
The bolt of lightning hits you!
You barely miss the crimson imp. You tail-slap the crimson imp.
The crimson imp is heavily wounded.
The crimson imp blinks!
The crimson imp sputters.
The crimson imp zaps a wand.
The bolt of lightning hits you!
You die...

......# ##.###..###..##
#.# .###..# ##...#
#..#..## #.# .# ... ....
#.#.## #.# .# # ...
#...# #.# .# #.# #..##
#.# .# #.#####..### #.#
.# #...†......# #.# ..
#######.#####.##.#####.#
##
.....5.@......##.......#
########################


You could see a crimson imp.

Vanquished Creatures
  The ghost of EvilAshe the Slasher, a novice TeBe of Trog (D:4)
  Sigmund (D:4)
  Edmund (D:4)
  Duvessa (D:4)
  A sky beast (D:6)
  A black bear (D:6)
  2 ogres (D:5)
  A phantom (D:4)
  2 centaurs (D:5)
  A wyvern zombie (D:6)
  Dowan (D:4)
  A scorpion (D:6)
  A howler monkey (D:4)
  A bullfrog zombie (D:6)
  A centaur zombie (D:5)
  A jelly (D:5)
  2 hounds
  2 orc priests
  3 orc wizards
  A centaur skeleton (D:5)
  An iguana (D:6)
  3 worker ants
  Robin (D:3)
  9 adders
  2 worms
  3 dart slugs
  4 leopard geckos
  22 orcs
  7 bats
  7 giant cockroaches
  18 goblins
  12 hobgoblins
  2 jackals (D:2)
  3 quokkas
  3 ball pythons
  7 frilled lizards
  8 kobolds
  2 leopard gecko skeletons
  6 rats
146 creatures vanquished.

Vanquished Creatures (others)
  11 toadstools (D:6)
11 creatures vanquished.

Grand Total: 157 creatures vanquished

Notes
Turn   | Place    | Note
-------+----------+-------------------------------------------
     0 | D:1      | Drevant the Draconian Fire Elementalist began the quest for the Orb.
     0 | D:1      | Reached XP level 1. HP: 14/14 MP: 3/3
   141 | D:1      | Reached XP level 2. HP: 20/20 MP: 0/5
   486 | D:1      | Reached XP level 3. HP: 21/26 MP: 6/6
  1100 | D:2      | Reached XP level 4. HP: 32/33 MP: 3/7
  1106 | D:2      | Learned a level 4 spell: Sticky Flame
  1110 | D:2      | Learned a level 3 spell: Conjure Flame
  1684 | D:3      | Reached skill level 4 in Fire Magic
  1786 | D:3      | Noticed Drevant's ghost (amateur DrFE)
  2013 | D:3      | Reached XP level 5. HP: 37/38 MP: 8/8
  2327 | D:3      | Noticed Robin
  2745 | D:3      | Killed Robin
  2927 | D:4      | Noticed a phantom
  2936 | D:4      | Found a staircase to the Ecumenical Temple.
  2940 | D:4      | Killed a phantom
  2940 | D:4      | Reached skill level 5 in Fire Magic
  2940 | D:4      | Reached XP level 6. HP: 32/45 MP: 0/9
  3059 | D:4      | Noticed Dowan
  3098 | D:4      | Noticed Edmund
  3145 | D:4      | Noticed Sigmund
  3369 | D:4      | Noticed Duvessa
  3398 | D:4      | Killed Duvessa
  3663 | D:4      | Killed Dowan
  3699 | Temple   | Entered the Ecumenical Temple
  3805 | Temple   | Became a worshipper of Vehumet
  4017 | D:4      | Killed Edmund
  4017 | D:4      | Reached skill level 6 in Fire Magic
  4017 | D:4      | Your scales start taking on a pale cyan-grey colour.
  4017 | D:4      | Reached XP level 7. HP: 34/50 MP: 1/10
  4247 | D:4      | Noticed EvilAshe's ghost (novice TeBe)
  4282 | D:4      | Killed EvilAshe's ghost
  4282 | D:4      | Reached skill level 7 in Fire Magic
  4553 | D:4      | Killed Sigmund
  4553 | D:4      | Reached XP level 8. HP: 57/57 MP: 6/11
  4764 | D:5      | Entered Level 5 of the Dungeon
  4768 | D:5      | Reached skill level 8 in Fire Magic
  5078 | D:5      | Found a white marble altar of Elyvilon.
  5092 | D:5      | Reached skill level 5 in Conjurations
  5203 | D:5      | Reached * piety under Vehumet
  5203 | D:5      | Offered knowledge of Sting by Vehumet.
  5387 | D:5      | Reached skill level 5 in Dodging
  6159 | D:6      | Reached skill level 9 in Fire Magic
  6347 | D:6      | Reached XP level 9. HP: 62/62 MP: 9/14
  6523 | D:6      | Found a glowing golden altar of the Shining One.
  6599 | D:6      | Killed from afar by a crimson imp

Vault maps used:
D:1:      dpeg_arrival_radiant
D:3:      uniq_robin
D:4:      minmay_temple_entry_grid, first_bread, minivault_4, uniq_edmund,
          uniq_duvessa, uniq_sigmund
D:5:      elyvilon_altar_5
D:6:      tso_metal_star, minmay_misc_feat_diagonals, tgw_fedhas
Temple:   dpeg_five_rooms_temple

Skill      XL: |  1  2  3  4  5  6  7  8 |
---------------+-------------------------+-----
Stealth        | 2 |  2.1
Dodging        | 2 3 4 5 |  5.4
Conjurations   | 2 3 4 5 |  5.7
Fire Magic     | 4 5 6 7 9 |  9.3
Spellcasting   | 3 |  3.7

Action                   |  1- 3 |  4- 6 |  7- 9 || total
-------------------------+-------+-------+-------++-------
Melee: Short sword       |    44 |    62 |    65 ||   171
       Dagger            |    12 |       |       ||    12
       Tailslap          |     4 |     8 |     9 ||    21
 Cast: Flame Tongue      |    36 |   111 |    96 ||   243
       Conjure Flame     |       |     1 |     1 ||     2
       Sticky Flame      |       |       |     4 ||     4
 Abil: Breathe Steam     |       |       |     4 ||     4
Evoke: Wand              |       |       |     5 ||     5
  Use: Scroll            |       |     7 |       ||     7
       Potion            |       |     1 |     1 ||     2
 Stab: Sleeping          |     2 |     2 |     3 ||     7
       Confused          |       |       |     2 ||     2
  Eat: Chunk             |     1 |     8 |    10 ||    19
       Fruit             |       |     2 |       ||     2
Armor: Skin              |    18 |    24 |    20 ||    62
Dodge: Dodged            |    43 |    63 |    75 ||   181

Table legend:
 A = Spawn XP
 B = Non-spawn XP
 C = Spawn XP percentage of total XP
 D = Spawn monster count
 E = Non-spawn monster count
 F = Spawn count percentage of total count
 G = Total turns spent on level
                    A         B        C        D         E        F      G
               +---------+---------+-------+---------+---------+-------+---------
         Total |       0 |    2978 |   0.0 |       0 |     146 |   0.0 |  6599
               +---------+---------+-------+---------+---------+-------+---------
           D:1 |       0 |      42 |   0.0 |       0 |      24 |   0.0 |   661
           D:2 |       0 |      93 |   0.0 |       0 |      26 |   0.0 |  1022
           D:3 |       0 |     168 |   0.0 |       0 |      40 |   0.0 |  1569
           D:4 |       0 |    1271 |   0.0 |       0 |      16 |   0.0 |  1347
           D:5 |       0 |     759 |   0.0 |       0 |      24 |   0.0 |  1083
           D:6 |       0 |     645 |   0.0 |       0 |      16 |   0.0 |   652
               +---------+---------+-------+---------+---------+-------+---------
